 Dungeon Crawl Stone Soup version 0.29-a0-322-g68df515428 (webtiles) character file.

Game seed: 10124646672545468656

16454 Gargoyl the Protected (level 12, -1/77 HPs)
             Began as a Gargoyle Abyssal Knight on Apr 9, 2022.
             Was an Elder of Lugonu.
             Slain by a merfolk
             ... wielding a +0 trident
              (19 damage)
             ... on level 2 of the Lair of Beasts.
             The game lasted 00:16:52 (10705 turns).

Gargoyl the Protected (Gargoyle Abyssal Knight)    Turns: 10705, Time: 00:16:53

Health: -1/77      AC: 26    Str: 19    XL:     12   Next: 37%
Magic:  18/18      EV:  5    Int: 12    God:    Lugonu [****..]
Gold:   906        SH:  9    Dex: 12    Spells: 11/11 levels left

rFire   + . .      SeeInvis .   a - +5 hand axe
rCold   + . .      Faith    .   B - +0 kite shield
rNeg    + . .      Spirit   .   p - +0 plate armour
rPois   ∞          Reflect  .   K - +1 helmet
rElec   +          Harm     .   (no cloak)
rCorr   .          Rampage  .   (no gloves)
Will    +....      Rage     1%  (no boots)
Stlth   ..........              h - amulet of regeneration
HPRegen 1.02/turn               r - ring of willpower
MPRegen 0.16/turn               c - ring of protection from cold

@: no status effects
A: sickness immunity, AC +8, negative energy resistance 1, electricity
resistance, torment resistance 1, petrification resistance, berserk 1, fire
resistance 1, MP-powered wands
a: Renounce Religion, Depart the Abyss, Bend Space, Banish, Corrupt


You were on level 2 of the Lair of Beasts.
You worshipped Lugonu.
Lugonu was greatly pleased with you.
You visited 2 branches of the dungeon, and saw 13 of its levels.
You visited the Abyss 2 times.

You collected 906 gold pieces.

Inventory:

Hand Weapons
 a - a +5 hand axe (weapon)
 v - the +6 whip of Muajy {flame, Int+2}
   (You found it on level 6 of the Dungeon)

   It burns those it strikes, dealing additional fire damage.
   Int:       It affects your intelligence (+2).
Missiles
 y - 10 poisoned darts (quivered)
 A - 7 throwing nets
Armour
 p - a +0 plate armour (worn)
 B - a +0 kite shield (worn)
 K - a +1 helmet (worn)
Jewellery
 c - a ring of protection from cold (right hand)
 e - an amulet of reflection
 h - an amulet of regeneration (around neck)
 r - a ring of willpower (left hand)
 F - a ring of flight
 G - a ring of fire
Wands
 q - a wand of acid (3)
 t - a wand of iceblast (38)
 x - a wand of polymorph (14)
 C - a wand of flame (4)
 E - a wand of charming (5)
Scrolls
 j - 4 scrolls of teleportation
 u - 2 scrolls of magic mapping
 z - a scroll of fear
 D - a scroll of blinking
Potions
 b - 2 potions of haste
 d - 3 potions of magic
 f - 2 potions of heal wounds {unknown}
 g - 2 potions of ambrosia
 i - 2 potions of brilliance
 k - 7 potions of flight
 l - a potion of mutation
 m - 5 potions of curing
 n - a potion of lignification
 o - 2 potions of cancellation
 w - a potion of attraction {unknown}
 H - 2 potions of might
 J - a potion of invisibility


   Skills:
 + Level 10.2 Fighting
 + Level 7.6(9.1) Axes
 + Level 8.4(10.0) Maces & Flails
 + Level 10.5 Armour
 + Level 2.8 Dodging
 + Level 1.3 Stealth
 + Level 5.7 Shields
 * Level 8.0 Invocations
 + Level 2.1 Evocations


You had 11 spell levels left.
You didn't know any spells.
Your spell library contained the following spells:

 Spells                   Type           Power      Damage    Failure   Level
 Freeze                   Ice            0%         1d3       100%        1
 Slow                     Hex            0%         N/A       100%        1
 Corpse Rot               Necr/Air       0%         N/A       100%        2
 Poisonous Vapours        Pois/Air       0%         N/A       100%        2
 Confusing Touch          Hex            0%         N/A       100%        3
 Conjure Flame            Conj/Fire      0%         6-21      100%        3
 Frozen Ramparts          Ice            0%         1d2       100%        3
 Ignite Poison            Fire/Tmut/Pois 0%         N/A       100%        3
 Vampiric Draining        Necr           0%         2d6       100%        3
 Cause Fear               Hex            0%         N/A       100%        4
 Fulminant Prism          Conj/Hex       0%         3d6       100%        4
 Hailstorm                Conj/Ice       0%         3d3       100%        4
 Iskenderun's Mystic Bla  Conj/Tloc      0%         2d3       100%        4
 Sticky Flame             Conj/Fire      0%         2d3       100%        4
 Lee's Rapid Deconstruct  Erth           0%         3d5*      100%        5
 Dragon Form              Tmut           0%         N/A       100%        7
 Dragon's Call            Summ           0%         N/A       100%        9


Dungeon Overview and Level Annotations

Branches:
Dungeon (10/15)            Temple (0/1) D:5            Lair (3/6) D:9
 Shoals (0/4) Lair:2       Spider (0/4) Lair:2
    Orc: D:9-12

Altars:
Ashenzari
Fedhas
Gozag
Nemelex Xobeh
Qazlal
Ru
Vehumet
Wu Jian
Zin
The Shining One


Innate Abilities, Weirdness & Mutations

You are immune to sickness and miasma.
Your stone body is resilient. (AC +8)
You are immune to poison.
You resist negative energy. (rN+)
You are resistant to electric shocks. (rElec)
You are resistant to unholy torment.
You are immune to petrification.
You tend to lose your temper in combat.
Your flesh is heat resistant. (rF+)
You expend magic power (3 MP) to strengthen your wands.


Message History

The merfolk barely misses you. The merfolk hits you with a +0 trident!
You slash the merfolk!
The merfolk is heavily wounded.
The merfolk hits you but does no damage.
The merfolk hits you with a +0 trident! You block the merfolk's attack.
The merfolk hits you with a +0 trident.
You hit the merfolk.
The merfolk is lightly wounded.
You slash the merfolk! You block the merfolk's attack. x2
You slash the merfolk!
The merfolk is lightly wounded.
You hit the merfolk.
The merfolk hits you but does no damage.
The merfolk hits you with a +0 trident.
You hit the merfolk.
The merfolk is moderately wounded.
You slash the merfolk! The merfolk hits you with a +0 trident.
The merfolk hits you with a +0 trident!
Unknown command.
You slash the merfolk!
The merfolk is heavily wounded.
You hit the merfolk but do no damage.
The merfolk hits you but does no damage.
The merfolk hits you with a +0 trident!
Unknown command.
You barely miss the merfolk.
The merfolk is heavily wounded.
You miss the merfolk. You block the merfolk's attack.
The merfolk hits you with a +0 trident!
* * * LOW HITPOINT WARNING * * *
You hit the merfolk.
The merfolk is heavily wounded.
You hit the merfolk. The merfolk hits you with a +0 trident.
* * * LOW HITPOINT WARNING * * *
The merfolk hits you with a +0 trident!
* * * LOW HITPOINT WARNING * * *
Unknown command.
You feel better.
The merfolk hits you with a +0 trident!!
You die...

####..# #.....####... ##.##..##
##........... #.......#####
#............ #...#P..##..##
##........... #.............
#............ #...†...^.....
##....###.#..
#..#........^.#####......######
#..##^.........##.P.....## #
##..##^^..^###m@m........# #
#....#^^^^^^###..........##
##....#^>^^###.....###.#..# #
#.....^^^##^.....## ##..## ##
#.#^^...##^......# #..# ##.
###^^.............# ##.#####P.
###^^.^....^.....## #.........
###.#^##...^........ ##........
#....##...........P##
#.......##


You could see 2 merfolk.

Vanquished Creatures
  Harold (D:9)
  2 death yaks (Lair:1)
  Pikel (D:9)
  Joseph (D:9)
  2 black mambas
  3 cane toads
  2 kobold demonologists (D:10)
  A rime drake (Lair:2)
  2 komodo dragons (Lair:1)
  A troll (D:9)
  2 polar bears
  Grinder (D:5)
  4 blink frogs
  Sigmund (D:2)
  4 shadows
  A wraith (D:9)
  A wyvern (D:9)
  A basilisk (Lair:2)
  21 yaks
  2 redbacks (Lair:2)
  3 steam dragons
  6 water moccasins
  2 orc warriors
  A black bear (D:7)
  A sky beast (D:5)
  2 ice beasts
  A centaur (D:10)
  2 phantoms
  2 kobold brigands
  6 bullfrogs
  6 scorpions
  3 gnoll sergeants (D:8)
  8 wights
  4 killer bees (D:9)
  7 howler monkeys
  6 hounds
  3 jellies
  6 orc priests
  Terence (D:2)
  8 iguanas
  5 orc wizards
  5 hell rats
  17 gnolls
  8 adders
  A shadow imp (D:7)
  3 white imps
  2 ufetubi
  4 worms
  5 dart slugs
  24 orcs
  8 bats
  10 endoplasms
  4 giant cockroaches
  7 goblins
  9 hobgoblins
  5 jackals
  13 kobolds
  3 quokkas
  11 ball pythons
  7 rats
283 creatures vanquished.

Vanquished Creatures (collateral kills)
  A hound (D:5)
  An ufetubus (D:5)
2 creatures vanquished.

Vanquished Creatures (others)
  An orc (D:8)
  A bush (Lair:2)
  11 fungi
  8 plants
21 creatures vanquished.

Grand Total: 306 creatures vanquished

Notes
Turn   | Place    | Note
-------+----------+-------------------------------------------
     0 | Abyss:1  | Gargoyl the Gargoyle Abyssal Knight began the quest for the
                  | Orb.
     0 | Abyss:1  | Reached XP level 1. HP: 14/14 MP: 2/2
     0 | D:1      | Escaped the Abyss
    63 | D:1      | Reached ** piety under Lugonu
   164 | D:1      | Reached XP level 2. HP: 15/19 MP: 3/3
   584 | D:1      | Reached XP level 3. HP: 21/24 MP: 4/4
   679 | D:1      | Found a faded altar of an unknown god.
   939 | D:2      | Reached XP level 4. HP: 29/29 MP: 5/5
   977 | D:2      | Reached *** piety under Lugonu
  1066 | D:2      | Found a sparkling altar of Nemelex Xobeh.
  1183 | D:2      | Noticed Sigmund
  1196 | D:2      | Killed Sigmund
  1197 | D:2      | Reached skill level 1 in Dodging
  1197 | D:2      | Reached XP level 5. HP: 34/34 MP: 6/6
  1197 | D:2      | Reached XP level 6. HP: 39/39 MP: 7/7
  1199 | D:2      | Identified the +0 leather armour "Puumpaf" {Rampage +Inv
                  | Dex-4 Stlth+}
  1225 | D:2      | Noticed Terence
  1243 | D:2      | Killed Terence
  1682 | D:3      | Reached skill level 5 in Fighting
  2101 | D:3      | Found a sparkling altar of Nemelex Xobeh.
  2316 | D:4      | Noticed an ice beast
  2334 | D:4      | Killed an ice beast
  2335 | D:4      | Reached XP level 7. HP: 30/44 MP: 8/8
  2366 | D:4      | Reached skill level 5 in Axes
  2388 | D:4      | Found a glowing silver altar of Zin.
  2409 | D:4      | Reached **** piety under Lugonu
  2458 | D:4      | Found an opulent altar of Gozag.
  2472 | D:4      | Found an ornate altar of the Wu Jian Council.
  2810 | D:4      | Found a blossoming altar of Fedhas.
  3255 | D:5      | Entered Level 5 of the Dungeon
  3288 | D:5      | Noticed Grinder
  3305 | D:5      | Paralysed by Grinder for 3 turns
  3315 | D:5      | Killed Grinder
  3316 | D:5      | Reached XP level 8. HP: 49/51 MP: 9/9
  3476 | D:5      | Reached skill level 5 in Armour
  3478 | D:5      | Reached skill level 1 in Evocations
  3549 | D:5      | Found a staircase to the Ecumenical Temple.
  3656 | D:5      | Found a radiant altar of Vehumet.
  3982 | D:6      | Reached XP level 9. HP: 57/57 MP: 10/10
  4097 | D:6      | Reached ***** piety under Lugonu
  4655 | D:6      | Identified the +6 whip of Muajy {flame, Int+2}
  5100 | D:7      | Reached skill level 1 in Maces & Flails
  5555 | D:8      | Reached XP level 10. HP: 64/64 MP: 11/11
  5717 | D:8      | Reached skill level 1 in Stealth
  5728 | D:8      | Reached skill level 5 in Maces & Flails
  6205 | D:9      | Found a staircase to the Lair.
  6307 | D:9      | Noticed Pikel
  6344 | D:9      | Killed Pikel
  6659 | D:9      | HP: 3/65 [troll (5)]
  6661 | D:9      | Reached skill level 1 in Shields
  6955 | D:9      | Noticed Harold
  6969 | D:9      | Killed Harold
  7021 | D:9      | Found a glowing golden altar of the Shining One.
  7078 | D:9      | Noticed Joseph
  7095 | D:9      | Killed Joseph
  7137 | D:9      | Found a stormy altar of Qazlal.
  7137 | D:9      | Found a broken altar of Ashenzari.
  7250 | D:10     | Entered Level 10 of the Dungeon
  7315 | D:10     | Reached XP level 11. HP: 71/71 MP: 14/14
  7329 | D:10     | Noticed a sixfirhy
  8212 | D:10     | Found a sacrificial altar of Ru.
  8274 | Lair:1   | Entered Level 1 of the Lair of Beasts
  8345 | Lair:1   | Reached skill level 5 in Invocations
  9250 | Lair:1   | Reached skill level 10 in Armour
  9358 | Lair:2   | Noticed a death yak
  9358 | Lair:2   | Noticed a death yak
  9389 | Lair:1   | Killed a death yak
  9495 | Lair:2   | Noticed a death yak
  9505 | Lair:2   | Noticed a death yak
  9506 | Lair:2   | Noticed a death yak
  9507 | Lair:2   | Noticed a death yak
  9687 | Lair:1   | Escaped the Abyss
  9702 | Lair:1   | Killed a death yak
  9850 | Lair:2   | Reached XP level 12. HP: 77/77 MP: 17/17
 10103 | Lair:3   | Reached skill level 5 in Shields
 10187 | Lair:2   | Found a hole to the Spider Nest.
 10270 | Lair:2   | Found a staircase to the Shoals.
 10385 | Lair:2   | Gained mutation: You tend to lose your temper in combat.
                  | [potion of mutation]
 10385 | Lair:2   | Gained mutation: You expend magic power (3 MP) to
                  | strengthen your wands. [potion of mutation]
 10385 | Lair:2   | Gained mutation: Your flesh is heat resistant. (rF+)
                  | [potion of mutation]
 10443 | Lair:2   | Reached skill level 10 in Fighting
 10705 | Lair:2   | Slain by a merfolk

Illustrated notes

Levels and vault maps discovered:
D:1:      saegor_arrival_simple_c, layout_loops_ring,
          chequers_ecumenical_altar_simple
D:2:      layout_rooms, basic_altar, uniq_sigmund, uniq_terence
D:3:      cheibrodos_pilgrimage, layout_basic, old_standard_altar
D:4:      minmay_spotlight, layout_basic, old_standard_altar,
          kennysheep_little_box, chequers_temple_overflow_statue_of_worship,
          serial_curves, eino_curves_03, eino_curves_03, portal_sewer_entry_d
D:5:      layout_cave_pools, nicolae_vehumet_altar_sigil,
          minmay_temple_entry_statues_fountains, hellmonk_bongcloud_opening,
          uniq_grinder
D:6:      layout_loops_ring
D:7:      layout_basic
D:8:      layout_loops_ring, chequers_arboretum
D:9:      layout_irregular_city, tso_oasis_becter,
          gammafunk_temple_overflow_elements, lair_entry_dummy, uniq_harold,
          uniq_joseph, uniq_pikel
D:10:     layout_basic, lemuel_round_altar
Lair:1:   layout_loops_ring
Lair:2:   layout_chaotic_city, elwin_shoals_entry_stream, spider_nest_entry_webs
Lair:3:   layout_big_grid

Skill      XL: |  1  2  3  4  5  6  7  8  9 10 11 12 |
---------------+-------------------------------------+-----
Axes           | 2 4 5 6 7 |  7.6
Fighting       | 4 5 6 7 8 9 10 | 10.2
Armour         | 3 4 5 7 9 10 | 10.5
Dodging        | 1 2 |  2.8
Evocations     | 2 |  2.1
Maces & Flails | 4 6 8 |  8.4
Stealth        | 1 |  1.3
Shields        | 2 4 5 |  5.7
Invocations    | 4 7 8 |  8.0

Action                   |  1- 3 |  4- 6 |  7- 9 | 10-12 || total
-------------------------+-------+-------+-------+-------++-------
Melee: Hand axe          |    93 |   153 |   238 |    76 ||   560
       Punch             |       |     2 |     4 |     1 ||     7
       Whip              |       |       |   130 |   692 ||   822
Invok: Depart the Abyss  |     1 |       |       |     1 ||     2
       Bend Space        |       |       |       |     9 ||     9
       Banish            |       |       |       |     5 ||     5
       Enter the Abyss   |       |       |       |     1 ||     1
Evoke: Wand              |       |       |     6 |     5 ||    11
  Use: Scroll            |     1 |     6 |     5 |    11 ||    23
       Potion            |       |     1 |     3 |     7 ||    11
Armor: Leather armour    |    62 |     8 |       |       ||    70
       Scale mail        |       |    75 |    33 |       ||   108
       Plate armour      |       |       |   224 |   486 ||   710
Dodge: Dodged            |    85 |    85 |   153 |   163 ||   486
Block: Other             |     5 |       |       |       ||     5
       Kite shield       |       |       |       |   298 ||   298

Table legend: (Time is in decaauts)
 A = Elapsed time spent in this place.
 B = Non-inter-level travel time spent in this place.
 C = Inter-level travel time spent in this place.
 D = Time resting spent in this place.
 E = Time spent auto-exploring this place.
 F = Levels seen in this place.
 G = Mean time per level.
                   A        B        C        D        E       F      G
               +--------+--------+--------+--------+--------+-----+--------+
         Total |  10611 |  10207 |    404 |    455 |   6738 |  15 |  707.4 |
       Dungeon |   8235 |   7983 |    252 |     89 |   5756 |  10 |  823.5 |
          Lair |   2274 |   2123 |    151 |    265 |    982 |   3 |  758.0 |
         Abyss |    101 |    101 |      0 |    101 |      0 |   2 |   50.5 |
               +--------+--------+--------+--------+--------+-----+--------+

Top non-repeatable levels by time:
  Lair:1: 1510 daAuts
     D:9: 1077 daAuts
     D:4: 1004 daAuts
    D:10: 964 daAuts
     D:1: 930 daAuts
     D:8: 849 daAuts
     D:6: 790 daAuts
     D:3: 760 daAuts
  Lair:2: 708 daAuts
     D:7: 637 daAuts
     D:5: 620 daAuts
     D:2: 600 daAuts
 Abyss:1: 101 daAuts
  Lair:3: 55 daAuts
